[Event "42nd Olympiad Baku 2016 Open"]
[Site "Baku"]
[Date "2016.09.08"]
[Round "6.22"]
[White "Giasi, Viresh"]
[Black "Phiri, Richmond"]
[Result "1/2-1/2"]
[ECO "B20"]
[WhiteElo "1979"]
[BlackElo "2342"]
[Annotator ""]
[PlyCount "66"]
[EventDate "2016.??.??"]
[EventCountry "AZE"]
[SourceTitle "playchess.com"]
[Source "ChessBase"]
[WhiteTeam "Surinam"]
[BlackTeam "Zambia"]
[WhiteTeamCountry "SUR"]
[BlackTeamCountry "ZAM"]
[TimeControl "40/5400+30:1800+30"]

1. e4 {(00:00} c5 {(01:12} 2. c4 {(01:59} d6 {(
00:53} 3. Nc3 {(00:08} Nc6 {(00:48} 4. d3 {(01:30} g6
{(01:41} 5. g3 {(00:10} Bg7 {(00:05} 6. Bg2 {(
00:12} e6 {(02:33} 7. Nge2 {(00:43} Nge7 {(00:08} 8.
O-O {(00:20} O-O {(00:09} 9. Rb1 {(00:54} e5 {(
12:37} 10. a3 {(04:19} a5 {(00:49} 11. Bd2 {(00:31} f5
{(11:15} 12. f3 {(02:54} Be6 {(05:39} 13. Nd5 {(
00:38} Rb8 {(16:20} 14. Bg5 {(01:41} h6 {(00:53} 15.
Bxe7 {(00:52} Nxe7 {(00:06} 16. Nxe7+ {(00:06} Qxe7 {
(00:04} 17. Nc3 {(00:17} h5 {(02:39} 18. Bh3 {(
17:42} Bh6 {(09:19} 19. Nd5 {(03:57} Bxd5 {(01:18} 20.
cxd5 {(01:32} h4 {(04:28} 21. Qe1 {(03:27} hxg3 {
(01:00} 22. hxg3 {(00:41} f4 {(02:32} 23. Be6+ {
(01:10} Kg7 {(00:05} 24. g4 {(00:12} Rh8 {(04:
02} 25. Kg2 {(02:04} Bg5 {(04:16} 26. Qxa5 {(02:54}
Bh4 {(02:01} 27. Qb5 {(04:05} Bg3 {(00:57} 28. Rh1 {
(00:03} Rxh1 {(06:37} 29. Rxh1 {(00:11} Rh8 {(
01:36} 30. Qd7 {(00:07} Qxd7 {(00:10} 31. Bxd7 {(00:03]
} Rxh1 {(00:27} 32. Kxh1 {(00:01} g5 {(00:25} 33. Kg2 {
(00:06} Be1 {(01:07} 1/2-1/2

[Event "42nd Olympiad Baku 2016 Open"]
[Site "Baku"]
[Date "2016.09.08"]
[Round "6.31"]
[White "Giron, Jorge Ernesto"]
[Black "Abdelazeez Mohamed Abdalla"]
[Result "1-0"]
[ECO "B35"]
[WhiteElo "2208"]
[BlackElo "2183"]
[Annotator ""]
[PlyCount "63"]
[EventDate "2016.??.??"]
[EventCountry "AZE"]
[SourceTitle "playchess.com"]
[Source "ChessBase"]
[WhiteTeam "El Salvador"]
[BlackTeam "Sudan"]
[WhiteTeamCountry "ESA"]
[BlackTeamCountry "SUD"]
[TimeControl "40/5400+30:1800+30"]

1. e4 {(00:00} c5 {(00:00} 2. Nf3 {(00:00} Nc6 {
(00:00} 3. d4 {(00:01} cxd4 {(00:00} 4. Nxd4 {(
00:06} g6 {(00:07} 5. Nc3 {(00:08} Bg7 {(00:08} 6. Be3
{(00:05} Nf6 {(00:28} 7. Bc4 {(00:05} Qa5 {(06:
24} 8. O-O {(00:23} O-O {(00:07} 9. Bb3 {(01:21} d6 {
(00:40} 10. h3 {(03:27} Bd7 {(00:39} 11. f4 {(
01:35} a6 {(06:59} 12. Nf3 {(04:50} Qc7 {(15:33} 13.
Qe2 {(03:52} e6 {(06:03} 14. Qf2 {(01:23} b5 {(
00:43} 15. e5 {(06:40} dxe5 {(15:00} 16. fxe5 {(00:05}
Nxe5 {(00:17} 17. Nxe5 {(00:07} Qxe5 {(00:10} 18. Bd4 {
(00:11} Qf5 {(00:08} 19. Qe3 {(00:10} Ng4 {(10:
50} 20. hxg4 {(00:41} Qxg4 {(00:10} 21. Bxg7 {(00:14}
Bc6 {(00:18} 22. Nd5 {(03:05} Kxg7 {(13:32} 23. Qc3+ {
(00:11} Kh6 24. Rf4 {(01:44} Qg5 {(04:53} 25. Qe3 {
(00:14} f6 {(01:30} 26. Qh3+ {(03:15} Kg7 {(00:
42} 27. Rg4 {(00:02} Qe5 {(02:10} 28. Nf4 {(00:07}
Rfe8 {(09:13} 29. Rh4 {(03:43} h5 {(01:38} 30. Rf1 {
(01:22} Qg5 {(01:31} 31. Rxh5 {(02:34} gxh5 {(
04:11} 32. Nxh5+ {(00:05} 1-0

[Event "42nd Olympiad Baku 2016 Open"]
[Site "Baku"]
[Date "2016.09.08"]
[Round "6.8"]
[White "Gledura, Benjamin"]
[Black "Coppola, Claudio"]
[Result "1-0"]
[ECO "D11"]
[WhiteElo "2585"]
[BlackElo "2230"]
[Annotator ""]
[PlyCount "61"]
[EventDate "2016.??.??"]
[EventCountry "AZE"]
[SourceTitle "playchess.com"]
[Source "ChessBase"]
[WhiteTeam "Hungary"]
[BlackTeam "Uruguay"]
[WhiteTeamCountry "HUN"]
[BlackTeamCountry "URU"]
[TimeControl "40/5400+30:1800+30"]

1. d4 {(00:00} d5 {(00:00} 2. c4 {(00:00} c6 {(
00:00} 3. Nf3 {(00:00} Nf6 {(00:00} 4. e3 {(00:15} g6
{(00:03} 5. Nc3 {(00:57} Bg7 {(00:11} 6. Be2 {(
00:17} O-O {(00:11} 7. O-O {(00:05} Bg4 {(00:24} 8. h3
{(03:52} Bxf3 {(00:11} 9. Bxf3 {(00:05} e6 {(00:
15} 10. cxd5 {(02:55} cxd5 {(00:17} 11. b3 {(00:50}
Nc6 {(02:16} 12. Bb2 {(04:29} Rc8 {(02:10} 13. Rc1 {
(00:59} a6 {(10:18} 14. Qd2 {(03:32} Ne8 {(06:
37} 15. Na4 {(02:05} Nd6 {(00:40} 16. Rc2 {(05:15} Re8
{(13:10} 17. Rfc1 {(02:26} Nf5 {(19:22} 18. Nc5 {
(08:32} Qb6 {(01:37} 19. Be2 {(08:11} Red8 {(07:
37} 20. Na4 {(04:42} Qa7 {(01:16} 21. Ba3 {(00:47} Bf8
{(04:17} 22. Bxf8 {(02:22} Kxf8 {(07:36} 23. Nc5 {
(08:24} Qb6 {(01:07} 24. Rc3 {(05:38} Nd6 {(09:
41} 25. Qc2 {(03:45} Nb5 {(02:18} 26. Bxb5 {(00:42}
axb5 {(01:00} 27. Nxb7 {(02:49} Nxd4 {(01:13} 28. Rxc8
{(00:51} Nxc2 {(00:33} 29. Nxd8 {(00:15} Nxe3 {(
01:26} 30. R1c6 {(00:44} Qa5 {(00:59} 31. Nb7+ {(00:09]
} 1-0

[Event "42nd Olympiad Baku 2016 Open"]
[Site "Baku"]
[Date "2016.09.08"]
[Round "6.14"]
[White "Goh, Wei Ming Kevin"]
[Black "Ladva, Ottomar"]
[Result "0-1"]
[ECO "B48"]
[WhiteElo "2444"]
[BlackElo "2501"]
[Annotator ""]
[PlyCount "60"]
[EventDate "2016.??.??"]
[EventCountry "AZE"]
[SourceTitle "playchess.com"]
[Source "ChessBase"]
[WhiteTeam "Singapore"]
[BlackTeam "Estonia"]
[WhiteTeamCountry "SIN"]
[BlackTeamCountry "EST"]
[TimeControl "40/5400+30:1800+30"]

1. e4 {(00:00} c5 {(00:00} 2. Nf3 {(00:00} e6 {(
00:00} 3. d4 {(00:00} cxd4 {(00:00} 4. Nxd4 {(00:09}
Nc6 {(00:00} 5. Nc3 {(00:04} Qc7 {(00:15} 6. Be3 {
(00:11} a6 {(00:32} 7. Qf3 {(00:13} Nf6 {(00:15]
} 8. O-O-O {(00:25} Ne5 {(00:18} 9. Qg3 {(00:17} b5 {
(00:19} 10. f4 {(32:44} Neg4 {(00:04} 11. e5 {(
02:56} Nxe3 {(00:32} 12. Qxe3 {(03:43} b4 {(00:06} 13.
exf6 {(11:57} bxc3 {(00:24} 14. fxg7 {(00:45} cxb2+ {
(04:03} 15. Kb1 {(01:04} Bxg7 {(00:06} 16. Nf5 {
(00:17} Bf8 {(09:07} 17. Qg3 {(17:21} Bb7 {(05:
13} 18. Ng7+ {(07:20} Kd8 {(01:37} 19. Qg5+ {(12:28}
Be7 {(01:02} 20. Qh5 {(00:26} Rc8 {(01:44} 21. Bd3 {
(01:05} Bd5 {(01:18} 22. Qe5 {(05:29} Rg8 {(03:
48} 23. Nh5 {(00:23} Qb6 {(03:10} 24. Nf6 {(01:25}
Bxa2+ {(03:18} 25. Kxa2 {(00:23} Rc5 {(00:22} 26. Qxb2
{(01:14} Qxb2+ {(01:24} 27. Kxb2 {(00:01} Bxf6+ {
(00:06} 28. Kc1 {(00:47} Bc3 {(00:19} 29. Rdf1 {
(00:44} Ra5 {(00:20} 30. Kd1 {(00:13} Rxg2 {(00:
05} 0-1

[Event "42nd Olympiad Baku 2016 Open"]
[Site "Baku"]
[Date "2016.09.08"]
[Round "6.10"]
[White "Grassi, Enrico"]
[Black "Yahi Mohamed Salem"]
[Result "1-0"]
[ECO "B07"]
[WhiteElo "2049"]
[BlackElo "1852"]
[Annotator ""]
[PlyCount "109"]
[EventDate "2016.??.??"]
[EventCountry "AZE"]
[SourceTitle "playchess.com"]
[Source "ChessBase"]
[WhiteTeam "San Marino"]
[BlackTeam "MTN"]
[WhiteTeamCountry "SMR"]
[TimeControl "40/5400+30:1800+30"]

1. e4 {(00:00} d6 {(00:00} 2. d4 {(00:00} Nf6 {(
00:00} 3. Nc3 {(00:00} g6 {(00:13} 4. Be2 {(00:15} Bg7
{(00:11} 5. h4 {(00:05} h5 {(01:05} 6. Nf3 {(02:
33} Bg4 {(00:24} 7. Be3 {(03:26} c6 {(02:06} 8. Ng5 {
(03:28} Bxe2 {(03:33} 9. Qxe2 {(00:27} Ng4 {(01:
10} 10. O-O-O {(01:13} b5 {(02:10} 11. Bf4 {(17:52} b4
{(05:02} 12. Nb1 {(00:39} Qa5 {(00:51} 13. f3 {(
03:18} Nf6 {(01:04} 14. a3 {(09:09} bxa3 {(03:50} 15.
Nxa3 {(01:04} O-O {(00:42} 16. e5 {(01:19} Nd5 {
(00:54} 17. Bd2 {(00:06} Qa4 {(01:14} 18. Qc4 {(
00:55} Qxc4 {(02:07} 19. Nxc4 {(00:41} Nb6 {(00:08}
20. Nxb6 {(06:16} axb6 {(00:06} 21. Bc3 {(00:18} Bh6 {
(04:37} 22. Kb1 {(00:33} Bxg5 {(01:28} 23. hxg5 {
(00:07} d5 {(00:27} 24. Rh4 {(00:21} f6 {(09:00]
} 25. gxf6 {(05:22} exf6 {(00:28} 26. g4 {(03:28} f5 {
(16:18} 27. gxh5 {(02:37} g5 {(01:13} 28. Rh2 {(
01:01} Kh7 {(01:42} 29. Bd2 {(01:13} Kh6 {(01:42} 30.
Rg1 {(00:06} f4 {(30:18} 31. Rhg2 {(04:26} Na6 {
(07:03} 32. Rxg5 {(00:39} Kh7 {(00:47} 33. Rg7+ {
(01:26} Kh8 {(00:28} 34. h6 {(04:48} Rg8 {(01:
08} 35. Bxf4 {(05:49} Nc7 {(00:18} 36. Rxg8+ {(00:50}
Rxg8 {(00:08} 37. Rxg8+ {(00:05} Kxg8 {(00:15} 38. Kc1
{(02:12} Ne6 {(00:49} 39. Be3 {(00:09} Kh7 {(01:
25} 40. Kd1 {(00:00} Kg6 {(00:00} 41. Ke2 {(00:53} Nf8
{(02:31} 42. Kf2 {(01:10} Kf5 {(05:31} 43. Kg3 {
(00:13} Nh7 {(00:41} 44. Kh4 {(01:10} Nf8 {(01:
30} 45. c3 {(02:09} Nh7 {(02:11} 46. Kh5 {(00:22} Nf8
{(05:53} 47. Bg5 {(01:24} Ke6 {(02:43} 48. Kg4 {
(00:20} Nh7 {(00:42} 49. f4 {(00:19} Nf8 {(04:
31} 50. f5+ {(00:07} Kf7 {(02:33} 51. e6+ {(01:15} Ke8
{(00:09} 52. Kh5 {(00:20} c5 {(04:22} 53. Bf6 {(
00:51} cxd4 {(03:32} 54. cxd4 {(00:11} b5 {(00:24} 55.
Bg7 {(00:25} 1-0

[Event "42nd Olympiad Baku 2016 Open"]
[Site "Baku"]
[Date "2016.09.08"]
[Round "6.31"]
[White "Greenidge, Ronuel"]
[Black "Psaila, Clarence"]
[Result "0-1"]
[ECO "A84"]
[WhiteElo "1723"]
[BlackElo "2057"]
[Annotator ""]
[PlyCount "132"]
[EventDate "2016.??.??"]
[EventCountry "AZE"]
[SourceTitle "playchess.com"]
[Source "ChessBase"]
[WhiteTeam "Guyana"]
[BlackTeam "Malta"]
[WhiteTeamCountry "GUY"]
[BlackTeamCountry "MLT"]
[TimeControl "40/5400+30:1800+30"]

1. d4 {(00:00} e6 {(00:00} 2. c4 {(00:00} f5 {(
00:00} 3. Nc3 {(00:00} Nf6 {(00:00} 4. g3 {(00:00} Be7
{(00:16} 5. Bg2 {(00:07} O-O {(00:29} 6. Nh3 {(
00:18} d6 {(00:13} 7. O-O {(01:46} e5 {(00:48} 8. d5 {
(03:56} Qe8 {(03:02} 9. f4 {(00:28} e4 {(01:59}
10. Nb5 {(01:22} Bd8 {(01:47} 11. e3 {(02:51} a6 {
(12:15} 12. Nd4 {(00:11} c5 {(07:05} 13. Nc2 {(
02:01} b5 {(02:05} 14. b3 {(04:17} Nbd7 {(02:31} 15.
Re1 {(00:42} Nb6 {(01:23} 16. Bf1 {(00:15} h6 {(
11:49} 17. Bb2 {(00:36} bxc4 {(01:21} 18. bxc4 {(03:05]
} Na4 {(01:24} 19. Rb1 {(02:54} Ba5 {(02:08} 20. Re2 {
(00:02} Rb8 {(03:28} 21. Bxf6 {(09:49} Rxb1 {(
01:36} 22. Qxb1 {(00:14} Rxf6 {(01:05} 23. Qb8 {(03:20]
} Qd7 {(07:14} 24. Na1 {(05:53} Rf8 {(03:02} 25. Qb3 {
(00:48} Bc3 {(05:01} 26. Qb1 {(04:05} Qc7 {(01:
12} 27. Qc2 {(01:07} Bd7 {(00:52} 28. Nb3 {(00:14} Bf6
{(00:51} 29. Rg2 {(00:42} Rb8 {(01:26} 30. g4 {(
01:41} Nb6 {(08:22} 31. g5 {(02:47} hxg5 {(00:08} 32.
fxg5 {(02:57} Be5 {(00:18} 33. g6 {(00:20} Qd8 {
(02:40} 34. Ng5 {(03:21} Bf6 {(01:21} 35. h4 {(
00:41} Qe8 {(03:54} 36. Nf7 {(04:03} Qe7 {(00:43} 37.
Qe2 {(00:38} Be8 {(02:23} 38. Qh5 {(00:49} Bxf7 {
(00:20} 39. Qh7+ {(03:49} Kf8 {(00:05} 40. gxf7 {
(00:00} Qxf7 {(00:00} 41. Qxf5 {(01:27} Re8 {(
02:31} 42. Qh7 {(03:38} Re5 {(01:28} 43. Be2 {(00:22}
Qg8 {(03:34} 44. Qg6 {(00:53} Qf7 {(00:23} 45. Qg4 {
(00:21} Qd7 {(02:40} 46. Qg3 {(02:42} Qe7 {(02:
55} 47. Na5 {(06:25} Bxh4 {(04:06} 48. Nc6 {(03:00}
Bxg3 {(01:21} 49. Nxe7 {(00:10} Kxe7 {(00:52} 50. Rxg3
{(00:09} Kf6 {(00:20} 51. Kf2 {(00:44} Rf5+ {(
01:31} 52. Ke1 {(00:22} Rg5 {(00:40} 53. Kf2 {(03:50}
Rxg3 {(00:58} 54. Kxg3 {(00:08} Kg5 {(00:32} 55. Kh3 {
(01:08} a5 {(01:14} 56. Kg3 {(00:59} Nd7 {(01:
37} 57. Bg4 {(05:37} Ne5 {(00:29} 58. Be2 {(00:17} Nd3
{(03:29} 59. Bg4 {(06:22} Nb4 {(00:53} 60. a4 {(
05:39} Nc2 {(01:01} 61. Bd7 {(04:20} Nxe3 {(00:19} 62.
Bb5 {(00:14} Nd1 {(01:21} 63. Bd7 {(00:36} Nb2 {
(00:14} 64. Bb5 {(00:13} Kf5 {(00:18} 65. Kg2 {(
01:03} Kf4 {(00:16} 66. Kf2 {(00:08} g5 {(00:18} 0-1

[Event "42nd Olympiad Baku 2016 Open"]
[Site "Baku"]
[Date "2016.09.08"]
[Round "6.13"]
[White "Greet, Andrew N"]
[Black "Elliott, Warren"]
[Result "1-0"]
[ECO "A57"]
[WhiteElo "2455"]
[BlackElo "2238"]
[Annotator ""]
[PlyCount "75"]
[EventDate "2016.??.??"]
[EventCountry "AZE"]
[SourceTitle "playchess.com"]
[Source "ChessBase"]
[WhiteTeam "Scotland"]
[BlackTeam "Jamaica"]
[WhiteTeamCountry "SCO"]
[BlackTeamCountry "JAM"]
[TimeControl "40/5400+30:1800+30"]

1. d4 {(00:00} Nf6 {(00:00} 2. c4 {(00:00} c5 {(
00:00} 3. d5 {(00:00} b5 {(00:13} 4. Nf3 {(00:13} Bb7
{(00:26} 5. Nfd2 {(06:05} bxc4 {(00:58} 6. e4 {(
00:57} e6 {(00:38} 7. dxe6 {(00:23} dxe6 {(00:52} 8.
Nc3 {(01:58} Nc6 {(01:48} 9. f3 {(10:08} Be7 {(
05:44} 10. Nxc4 {(00:32} Qxd1+ {(04:29} 11. Nxd1 {(00:
36} O-O {(12:32} 12. Bf4 {(05:43} Rfd8 {(02:19} 13.
Rc1 {(03:42} Rac8 {(08:58} 14. Nf2 {(05:43} Nh5 {
(12:04} 15. Be3 {(02:49} Nd4 {(06:12} 16. Na5 {(
07:48} Ba8 {(01:01} 17. Bc4 {(02:47} h6 {(05:40} 18.
Nd3 {(02:27} Bg5 {(05:31} 19. Kf2 {(00:56} Bxe3+ {
(02:34} 20. Kxe3 {(00:06} g5 {(09:21} 21. Rhd1 {
(07:39} Rc7 {(06:35} 22. Nb3 {(03:06} Nxb3 {(05:
06} 23. axb3 {(06:50} Kg7 {(02:54} 24. Ra1 {(04:07}
Nf6 {(02:50} 25. Ra5 {(01:51} Ne8 {(02:18} 26. Rda1 {
(00:33} Nd6 {(00:55} 27. Rxa7 {(01:28} Bb7 {(00:
29} 28. R7a5 {(03:33} f5 {(00:40} 29. Nxc5 {(00:56}
Nxc4+ {(00:50} 30. bxc4 {(00:07} Kf6 {(00:27} 31. e5+ {
(02:41} Kf7 {(00:30} 32. b4 {(00:31} Bc8 {(00:
35} 33. Ra7 {(00:27} Rxa7 {(00:06} 34. Rxa7+ {(00:06}
Kg6 {(00:13} 35. Ra8 {(00:29} f4+ {(00:12} 36. Ke2 {
(00:10} Kf5 {(00:53} 37. Nb7 {(00:36} Kxe5 {(00:
33} 38. Nxd8 {(00:09} 1-0

[Event "42nd Olympiad Baku 2016 Open"]
[Site "Baku"]
[Date "2016.09.08"]
[Round "6.17"]
[White "Guillen Ramirez, Jose Antonio"]
[Black "Molod, Jonathan"]
[Result "1-0"]
[ECO "A39"]
[WhiteElo "2269"]
[BlackElo "1943"]
[Annotator ""]
[PlyCount "101"]
[EventDate "2016.??.??"]
[EventCountry "AZE"]
[SourceTitle "playchess.com"]
[Source "ChessBase"]
[WhiteTeam "Honduras"]
[BlackTeam "GUM"]
[WhiteTeamCountry "HON"]
[TimeControl "40/5400+30:1800+30"]

1. c4 {(00:00} c5 {(01:29} 2. Nc3 {(00:00} Nf6 {
(00:24} 3. g3 {(00:21} g6 {(00:43} 4. Bg2 {(00:
07} Bg7 {(00:17} 5. Nf3 {(00:11} Nc6 {(00:18} 6. O-O {
(00:11} O-O {(00:05} 7. d4 {(02:08} cxd4 {(04:
11} 8. Nxd4 {(00:16} a6 {(01:56} 9. e3 {(05:21} Ne5 {
(06:40} 10. b3 {(02:07} d6 {(01:14} 11. h3 {(00:
49} Rb8 {(01:14} 12. f4 {(01:04} Ned7 {(01:08} 13. Bb2
{(01:55} Nc5 {(02:17} 14. e4 {(06:06} Ne6 {(07:
55} 15. Nde2 {(06:15} b5 {(03:58} 16. cxb5 {(01:01}
axb5 {(00:15} 17. b4 {(02:15} Qb6+ {(10:48} 18. Kh2 {
(00:37} Bb7 {(00:57} 19. Qb3 {(00:58} Ba8 {(07:
58} 20. Rad1 {(03:53} Rbd8 {(08:02} 21. Nd5 {(16:03}
Bxd5 {(07:23} 22. exd5 {(00:14} Nc7 {(00:47} 23. Nd4 {
(05:07} Rfe8 {(02:46} 24. f5 {(04:35} Rc8 {(03:
01} 25. Rd2 {(07:57} g5 {(04:19} 26. Rc1 {(05:40} Na8
{(01:26} 27. Nc6 {(01:39} Qb7 {(00:31} 28. Bd4 {
(10:12} Nb6 {(01:05} 29. Bxb6 {(04:13} Nd7 {(05:
23} 30. Bd4 {(01:48} Bf8 {(01:41} 31. Qe3 {(01:06} h6
{(01:00} 32. Rdc2 {(01:29} Nf6 {(00:48} 33. Bxf6 {
(02:03} exf6 {(00:17} 34. Qd3 {(00:52} Kg7 {(01:
00} 35. Na5 {(01:42} Qb8 {(00:35} 36. Rxc8 {(00:52}
Rxc8 37. Rxc8 {(00:16} Qxc8 {(00:14} 38. Qxb5 {(00:48}
Qxf5 {(00:12} 39. Nc6 {(00:27} h5 {(00:11} 40. Qf1 {
(00:00} Qc2 {(00:00} 41. b5 {(03:25} Qxa2 {(01:
04} 42. b6 {(07:33} Qb2 {(00:27} 43. Qa6 {(00:35} h4 {
(00:35} 44. gxh4 {(01:56} g4 {(00:31} 45. hxg4 {
(03:57} Qf2 {(00:16} 46. b7 {(01:07} Qxh4+ {(00:
27} 47. Kg1 {(00:34} Qe1+ {(00:39} 48. Qf1 {(00:19}
Qe3+ {(00:11} 49. Qf2 {(00:27} Qc1+ {(00:21} 50. Bf1 {
(00:25} Kh7 {(00:28} 51. Qf5+ {(00:33} 1-0

[Event "42nd Olympiad Baku 2016 Open"]
[Site "Baku"]
[Date "2016.09.08"]
[Round "6.32"]
[White "Guliyev, Namig"]
[Black "Marin, Mihail"]
[Result "1-0"]
[ECO "C16"]
[WhiteElo "2577"]
[BlackElo "2572"]
[Annotator ""]
[PlyCount "61"]
[EventDate "2016.??.??"]
[EventCountry "AZE"]
[SourceTitle "playchess.com"]
[Source "ChessBase"]
[WhiteTeam "Azerbaijan"]
[BlackTeam "Romania"]
[WhiteTeamCountry "AZE"]
[BlackTeamCountry "ROU"]
[TimeControl "40/5400+30:1800+30"]

1. e4 {(03:32} e6 {(00:00} 2. d4 {(00:04} d5 {(
00:00} 3. Nc3 {(00:05} Bb4 {(00:00} 4. e5 {(00:04} b6
{(00:00} 5. Qg4 {(00:15} Bf8 {(00:05} 6. Bg5 {(
00:22} Qd7 {(00:11} 7. O-O-O {(00:15} h6 {(00:47} 8.
Qh3 {(02:34} Ne7 {(17:12} 9. Bxe7 {(07:37} Bxe7 {
(00:08} 10. f4 {(00:03} Ba6 {(06:21} 11. Nf3 {(
05:56} Bxf1 {(07:08} 12. Rhxf1 {(00:06} Nc6 {(00:04}
13. g4 {(01:18} O-O-O {(00:12} 14. f5 {(02:41} Na5 {
(07:48} 15. Kb1 {(03:37} c5 {(03:27} 16. Qh5 {(
08:25} Rhf8 {(03:41} 17. b3 {(10:13} Nc6 {(01:11} 18.
Ne2 {(00:44} Kb8 {(08:08} 19. fxe6 {(01:15} fxe6 {
(05:46} 20. Qg6 {(00:07} cxd4 {(10:40} 21. Nexd4 {
(01:48} Nxd4 {(00:53} 22. Nxd4 {(00:10} Rde8 {(
13:06} 23. Nxe6 {(07:10} Rxf1 {(00:15} 24. Rxf1 {(00:
13} Qb5 {(02:01} 25. Rd1 {(12:56} Ba3 {(02:06} 26. c4
{(07:29} Qd7 {(00:42} 27. cxd5 {(00:47} Rc8 {(
00:03} 28. Qe4 {(00:54} Qf7 {(08:12} 29. Nd4 {(01:14}
Qf2 {(00:06} 30. Nc2 {(00:26} Bc5 {(01:13} 31. d6 {
(00:20} 1-0

[Event "42nd Olympiad Baku 2016 Open"]
[Site "Baku"]
[Date "2016.09.08"]
[Round "6.15"]
[White "Hale, Andrew"]
[Black "Flanagan, Mark"]
[Result "0-1"]
[ECO "B01"]
[WhiteElo "1940"]
[BlackElo "1768"]
[Annotator ""]
[PlyCount "46"]
[EventDate "2016.??.??"]
[EventCountry "AZE"]
[SourceTitle "playchess.com"]
[Source "ChessBase"]
[WhiteTeam "Channel Islands"]
[BlackTeam "Bermuda"]
[WhiteTeamCountry "GCI"]
[BlackTeamCountry "BER"]
[TimeControl "40/5400+30:1800+30"]

1. e4 {(00:00} d5 {(00:00} 2. exd5 {(00:00} Qxd5 {
(00:00} 3. Nc3 {(00:04} Qd8 {(00:00} 4. d4 {(00:
28} c6 {(00:02} 5. Nf3 {(00:35} Bf5 {(00:10} 6. Bc4 {
(02:05} e6 {(00:08} 7. Ne5 {(05:57} Nd7 {(00:25]
} 8. O-O {(10:44} Ngf6 {(06:46} 9. Nxd7 {(07:21} Qxd7 {
(00:26} 10. Be3 {(04:23} Bd6 {(00:35} 11. Qe2 {(
04:25} O-O-O {(13:25} 12. a4 {(06:48} Ng4 {(06:50} 13.
h3 {(02:29} Nxe3 {(01:25} 14. fxe3 {(01:33} Bc7 {
(03:06} 15. g4 {(08:56} Bg6 {(00:19} 16. Nd1 {(
02:16} h5 {(01:16} 17. g5 {(06:15} h4 {(00:35} 18. Qg2
{(06:26} Qe7 {(05:29} 19. Be2 {(06:41} Rd5 {(02:
37} 20. Kh1 {(03:19} Rxg5 {(06:08} 21. Qf2 {(04:11}
Rg3 {(04:47} 22. Qh2 {(04:16} Be4+ {(01:45} 23. Bf3 {
(02:46} Rxf3 {(03:29} 0-1

[Event "42nd Olympiad Baku 2016 Open"]
[Site "Baku"]
[Date "2016.09.08"]
[Round "6.19"]
[White "Hansen, Eric"]
[Black "Zhigalko, Andrey"]
[Result "1-0"]
[ECO "B90"]
[WhiteElo "2582"]
[BlackElo "2591"]
[Annotator ""]
[PlyCount "67"]
[EventDate "2016.??.??"]
[EventCountry "AZE"]
[SourceTitle "playchess.com"]
[Source "ChessBase"]
[WhiteTeam "Canada"]
[BlackTeam "Belarus"]
[WhiteTeamCountry "CAN"]
[BlackTeamCountry "BLR"]
[TimeControl "40/5400+30:1800+30"]

1. e4 {(00:00} c5 {(00:00} 2. Nf3 {(00:06} d6 {(
00:00} 3. d4 {(01:43} cxd4 {(00:00} 4. Nxd4 {(00:03}
Nf6 {(00:00} 5. Nc3 {(00:03} a6 {(00:00} 6. h3 {
(00:56} e6 {(00:20} 7. g4 {(02:07} Be7 {(00:18}
8. g5 {(00:44} Nfd7 {(00:08} 9. Be3 {(09:29} b5 {
(00:31} 10. a3 {(00:04} Bb7 {(00:22} 11. h4 {(
03:25} Nb6 {(00:41} 12. Qd2 {(11:07} N8d7 {(00:27} 13.
O-O-O {(01:12} Rc8 {(00:09} 14. Rh3 {(10:26} Qc7 {
(32:35} 15. h5 {(27:14} Nc4 {(03:24} 16. Bxc4 {(
01:30} Qxc4 {(00:05} 17. Rdh1 {(07:33} b4 {(20:05} 18.
axb4 {(00:19} Qxb4 {(00:05} 19. g6 {(10:53} h6 {
(01:10} 20. gxf7+ {(00:31} Kxf7 {(00:06} 21. Rf3+ {
(06:09} Bf6 {(02:29} 22. Rg1 {(01:45} Ne5 {(08:
54} 23. Qe2 {(03:39} Nxf3 {(14:05} 24. Qxf3 {(00:03}
Ke7 {(01:46} 25. Nce2 {(00:40} Rhe8 {(02:54} 26. Qg4 {
(00:23} Kd7 {(00:34} 27. Kb1 {(00:20} Kc7 {(02:
42} 28. e5 {(00:09} Kd7 {(07:08} 29. exf6 {(00:12}
gxf6 {(00:01} 30. Qg7+ {(00:37} Re7 {(00:12} 31. Qxf6 {
(00:10} Bd5 {(02:02} 32. Nf4 {(01:11} Rb8 {(01:
47} 33. Qxe7+ {(00:39} Kxe7 {(00:07} 34. Nxd5+ {(00:04]
} 1-0